Map: Acropolis LE

Players

llllllllllll - Winner!

  • Race: Protoss Protoss
  • League: Master
  • Spawn Location: 11:00

tGPookie

  • Race: Terran Terran
  • League: Master
  • Spawn Location: 5:00

VOD

Have the link to the VOD?

Description

Time

  • Played on: Oct. 13, 2019, 1:32 p.m.
  • Length: 14:56
Show
View Real Time Build Order
Export as new Build Order

llllllllllll Protoss - Winner!

Build Orders: 1 Gate Expand, Archon Immortal 

Get SALT Encoding   

  12  0:01  Probe  
  13  0:13  Probe  
  14  0:17  Pylon  
  14  0:25  Probe (Chrono Boost)  
  16  0:36  Probe (Chrono Boost)  
  16  0:38  Gateway  
  16  0:41  Probe  
  16  0:47  Assimilator  
  17  0:54  Probe  
  18  1:06  Probe  
  19  1:18  Probe  
  20  1:29  Cybernetics Core  
  20  1:30  Probe  
  21  1:43  Nexus  
  22  1:51  Pylon  
  22  1:58  Assimilator  
  22  2:08  Stalker (Chrono Boost)  
  22  2:11  Shield Battery  
  23  2:21  Robotics Facility  
  23  2:27  Probe  
  24  2:37  Warp Gate  
  24  2:39  Probe  
  25  2:44  Stalker  
  28  2:54  Probe (Chrono Boost)  
  28  2:55  Probe (Chrono Boost)  
  29  3:05  Probe (Chrono Boost)  
  31  3:07  Probe (Chrono Boost)  
  31  3:10  Probe (Chrono Boost), Observer (Chrono Boost)  
  33  3:14  Stalker  
  33  3:15  Probe  
  36  3:21  Probe  
  36  3:26  Shield Battery  
  35  3:32  Immortal (Chrono Boost)  
  38  3:42  Probe  
  38  3:47  Stalker  
  41  3:54  Gateway  
  41  4:03  Probe x2  
  41  4:09  Twilight Council  
  43  4:15  Probe x2  
  45  4:25  Pylon  
  45  4:27  Gateway  
  45  4:29  Probe  
  45  4:30  Pylon  
  46  4:43  Probe  
  46  4:44  Probe  
  48  4:48  Stalker  
  48  4:52  Charge (Chrono Boost)  
  50  4:55  Probe, Shield Battery  
  50  4:56  Probe  
  52  5:01  Stalker  
  54  5:07  Probe  
  54  5:11  Probe  
  54  5:12  Robotics Bay  
  56  5:19  Probe  
  57  5:24  Stalker  
  57  5:26  Probe  
  57  5:28  Assimilator  
  60  5:30  Assimilator  
  60  5:31  Probe  
  60  5:32  Pylon  
  61  5:38  Probe  
  62  5:44  Forge  
  62  5:46  Pylon  
  62  5:50  Probe x2, Observer (Chrono Boost)  
  65  6:00  Nexus  
  65  6:01  Pylon  
  65  6:02  Probe  
  65  6:04  Extended Thermal Lance  
  66  6:17  Probe  
  73  6:20  Probe  
  74  6:29  Probe  
  74  6:32  Photon Cannon  
  75  6:36  Protoss Ground Armor Level 1 (Chrono Boost), Pylon  
  75  6:44  Observer (Chrono Boost)  
  75  6:45  Forge  
  69  6:51  Photon Cannon  
  69  6:53  Stalker x3, Blink (Chrono Boost)  
  69  6:54  Photon Cannon  
  75  7:08  Photon Cannon  
  75  7:10  Immortal  
  79  7:17  Protoss Ground Weapons Level 1 (Chrono Boost)  
  79  7:19  Photon Cannon  
  79  7:23  Stalker  
  79  7:26  Probe x2  
  79  7:27  Probe  
  84  7:38  Probe x2  
  84  7:39  Probe  
  87  7:46  Immortal (Chrono Boost)  
  87  7:48  Pylon  
  87  7:50  Probe x2  
  93  7:52  Templar Archives  
  93  7:53  Probe  
  94  8:01  Pylon  
  94  8:02  Probe  
  94  8:03  Probe  
  94  8:05  Photon Cannon  
  96  8:10  Assimilator  
  96  8:11  Probe  
  96  8:12  Assimilator  
  97  8:13  Pylon  
  97  8:15  Probe  
  97  8:18  Probe  
  99  8:22  Immortal  
  103  8:29  Gateway  
  103  8:31  Gateway  
  103  8:33  Gateway  
  103  8:36  Gateway  
  103  8:39  Stalker x2  
  103  8:40  Protoss Ground Armor Level 2 (Chrono Boost)  
  105  8:48  Photon Cannon  
  104  8:49  Shield Battery  
  104  8:56  Gateway  
  104  9:01  Probe x2, Warp Prism  
  108  9:04  Probe  
  109  9:13  Probe x2, Photon Cannon  
  111  9:18  Shield Battery, Probe  
  111  9:19  Zealot x2  
  116  9:28  Gateway  
  116  9:29  Photon Cannon  
  116  9:30  High Templar x2, Pylon  
  120  9:33  High Templar x2  
  120  9:35  Archon  
  124  9:47  Observer  
  123  9:54  Archon  
  123  9:55  Probe  
  123  9:56  Probe  
  125  10:02  Pylon  
  125  10:03  Pylon  
  125  10:06  Protoss Ground Weapons Level 2 (Chrono Boost)  
  125  10:07  Pylon  
  125  10:20  Probe  
  126  10:26  High Templar x3  
  126  10:27  Nexus, High Templar x2  
  126  10:28  High Templar  
  138  10:30  Pylon  
  138  10:31  Immortal (Chrono Boost)  
  138  10:33  Pylon  
  138  10:35  Pylon  
  142  10:37  Archon x3  
  142  10:42  Photon Cannon  
  141  10:44  Photon Cannon  
  141  10:52  Stalker  
  141  10:53  Stalker x2  
  147  11:10  Nexus  
  145  11:17  High Templar x2  
  145  11:18  High Templar x3  
  151  11:19  High Templar  
  151  11:20  Zealot x3  
  151  11:21  Archon  
  151  11:22  Archon  
  151  11:23  Archon  
  161  11:25  Protoss Ground Armor Level 3 (Chrono Boost)  
  161  11:27  Pylon  
  161  11:29  Pylon  
  161  11:37  Gateway  
  161  11:42  Zealot x2  
  161  11:44  Gateway  
  161  11:46  Pylon  
  165  11:48  Pylon  
  157  12:03  Zealot x8  
  157  12:04  Zealot  
  163  12:11  Probe x3  
  163  12:15  Dark Shrine  
  166  12:17  Stargate  
  166  12:19  Stargate  
  166  12:23  Stargate, Probe x3  
  169  12:31  Zealot x8  
  169  12:35  Probe x2  
  150  12:46  Zealot x3  
  136  12:58  Stalker x4  
  134  13:01  Stalker x3  
  134  13:16  Stalker x4  
  134  13:17  Stalker  
  134  13:39  Stalker  
  134  13:40  Stalker x10  
  144  14:12  Stalker x10  
  144  14:13  Stalker  
  132  14:43  Stalker x8  
  132  14:44  Stalker x3  
Show
View Real Time Build Order
Export as new Build Order

tGPookie Terran 

Build Orders: Mech, Banshee Rush 

Get SALT Encoding   

  12  0:00  SCV  
  13  0:12  SCV  
  14  0:17  Supply Depot  
  14  0:24  Refinery  
  14  0:27  SCV  
  15  0:41  Barracks  
  15  0:45  SCV  
  16  0:54  Supply Depot  
  16  1:00  SCV  
  17  1:12  SCV  
  18  1:27  Orbital Command  
  18  1:28  Barracks Tech Lab  
  18  1:36  Factory  
  18  1:47  Marauder  
  18  1:53  SCV  
  21  2:05  SCV  
  22  2:09  Marauder  
  24  2:17  Concussive Shells  
  24  2:18  SCV  
  24  2:21  Supply Depot, Hellion  
  27  2:30  SCV, Marauder  
  29  2:42  SCV  
  30  2:45  Refinery  
  30  2:46  Hellion  
  32  2:55  SCV  
  33  3:03  Starport  
  33  3:07  SCV  
  34  3:17  Bunker x2  
  32  3:33  SCV  
  33  3:40  Cloaking Field, Banshee  
  36  3:45  Supply Depot  
  36  3:49  Command Center  
  36  3:51  Bunker  
  36  3:55  SCV  
  37  3:57  Widow Mine  
  39  4:07  SCV  
  40  4:10  Marine  
  41  4:17  Bunker  
  41  4:19  SCV  
  41  4:23  Widow Mine  
  44  4:27  Supply Depot  
  44  4:32  Banshee  
  47  4:49  Widow Mine, SCV  
  50  4:58  Marine  
  51  5:01  SCV, Orbital Command  
  52  5:13  SCV  
  53  5:24  Viking  
  53  5:25  SCV  
  53  5:26  SCV  
  57  5:29  Refinery  
  57  5:30  Refinery, Factory Tech Lab  
  57  5:32  Supply Depot  
  57  5:37  SCV  
  57  5:38  SCV  
  59  5:44  Marine  
  59  5:49  SCV, Siege Tank  
  64  5:50  SCV  
  64  5:53  Raven  
  67  6:02  SCV x2  
  69  6:14  SCV x2  
  69  6:16  Hyperflight Rotors  
  69  6:17  Command Center  
  71  6:26  SCV x2  
  73  6:33  Siege Tank  
  73  6:34  Supply Depot  
  73  6:38  SCV  
  73  6:39  SCV  
  78  6:49  Factory  
  78  6:52  Barracks Reactor  
  78  6:55  Supply Depot, SCV x2, Banshee  
  78  7:01  Factory  
  83  7:05  Supply Depot  
  83  7:07  Siege Tank  
  86  7:15  Supply Depot  
  86  7:17  SCV x2  
  88  7:28  Supply Depot  
  88  7:29  SCV x2  
  90  7:30  Orbital Command  
  90  7:34  Factory Tech Lab  
  90  7:38  Banshee  
  90  7:39  Siege Tank  
  90  7:41  SCV x2  
  98  7:44  Infernal Pre-Igniter  
  98  7:48  Armory  
  98  7:53  SCV  
  98  7:57  Hellion x2  
  103  8:00  Siege Tank  
  103  8:01  Refinery x2  
  106  8:08  SCV  
  106  8:11  Orbital Command  
  106  8:12  Supply Depot, Bunker x2  
  107  8:13  Siege Tank  
  107  8:15  Engineering Bay  
  107  8:16  SCV  
  107  8:18  Hellion  
  107  8:19  Hellion  
  115  8:25  Banshee  
  118  8:32  SCV x2, Siege Tank  
  123  8:44  SCV x2  
  123  8:46  Siege Tank  
  123  8:47  SCV, Hellion x2  
  133  8:56  SCV x2  
  133  8:59  SCV  
  136  9:03  Command Center  
  136  9:04  Supply Depot  
  136  9:05  Supply Depot  
  136  9:06  Supply Depot  
  136  9:08  SCV x2  
  136  9:09  Terran Vehicle And Ship Armor Level 1  
  138  9:10  Banshee  
  138  9:14  Supply Depot  
  138  9:16  Supply Depot  
  141  9:22  SCV  
  142  9:25  Missile Turret  
  142  9:29  SCV x2, Missile Turret  
  144  9:33  Missile Turret  
  144  9:34  SCV  
  145  9:41  SCV  
  146  9:53  Siege Tank  
  146  9:54  Siege Tank  
  146  9:55  SCV, Hellion x2  
  146  9:57  Supply Depot  
  157  10:00  Supply Depot  
  157  10:10  Fusion Core  
  157  10:11  Starport x2  
  157  10:16  SCV  
  157  10:18  Armory  
  158  10:31  Command Center, Siege Tank  
  158  10:32  Siege Tank  
  158  10:35  Neosteel Armor  
  164  10:50  Starport Tech Lab x2  
  164  11:08  Battlecruiser x2  
  164  11:09  Battlecruiser  
  164  11:10  Weapon Refit  
  164  11:25  Missile Turret  
  164  11:27  Hellion x3  
  164  11:28  Hellion  
  172  11:43  Terran Ship Weapons Level 1, Missile Turret, Terran Vehicle And Ship Armor Level 2  
  172  11:45  Missile Turret  
  172  11:47  Planetary Fortress  
  171  11:49  Hellion x2  
  171  11:52  Refinery  
  175  11:56  Refinery  
  166  12:11  Hellion x2  
  166  12:12  Planetary Fortress  
  170  12:15  Command Center  
  170  12:21  Battlecruiser  
  176  12:26  SCV x2  
  178  12:40  Missile Turret  
  125  12:57  Battlecruiser  
  115  12:59  Battlecruiser  
  121  13:11  Refinery, SCV  
  121  13:12  SCV  
  111  14:11  Viking  
  102  14:28  Command Center  
Tags
 
Add a new tag
Caveats
  • Supply blocks, unpowered buildings, or Contaminate may cause inaccurate times.
  • Supply counts are checked every 10 seconds.